 Dungeon Crawl Stone Soup version 0.30.0-18-gc0e69614cb (webtiles) character file.

Game seed: 11196730977466317116

224 McKennaii the Conjurer (level 5, -3/38 HPs)
             Began as a Demigod Conjurer on May 25, 2023.
             Slain by an ice beast (12 damage)
             ... on level 4 of the Dungeon.
             The game lasted 00:07:18 (4203 turns).

McKennaii the Conjurer (Demigod Conjurer)           Turns: 4203, Time: 00:07:18

Health: -3/38      AC:  4    Str:  8    XL:     5   Next: 40%
Magic:  2/13       EV: 12    Int: 24    God:
Gold:   125        SH:  0    Dex: 12    Spells: 8/11 levels left

rFire   . . .        d - +3 mace
rCold   . . .        (no shield)
rNeg    . . .        a - +0 robe
rPois   .            m - +0 helmet
rElec   .            (no cloak)
rCorr   .            l - +0 pair of gloves
SInv    .            (no boots)
Will    .....        (no amulet)
Stlth   ++           (no ring)
HPRegen 0.26/turn    (no ring)
MPRegen 0.13/turn

%: no passive effects
@: no status effects
A: high MP 1, forlorn, divine attributes, talons 1, evolution 1
a: no special abilities


You were on level 4 of the Dungeon.
You visited 1 branch of the dungeon, and saw 4 of its levels.

You collected 125 gold pieces.

Inventory:

Hand Weapons
 d - a +3 mace (weapon)
Armour
 a - a +0 robe (worn)
 l - a +0 pair of gloves (worn)
 m - a +0 helmet (worn)
Wands
 t - a wand of roots (11)
Scrolls
 c - a scroll of teleportation
 f - a scroll of amnesia {unknown}
 g - a scroll of fear
 i - a scroll of immolation {unknown}
 o - a scroll of enchant armour {unknown}
 p - a scroll of magic mapping {unknown}
 r - a scroll of poison {unknown}
 s - a scroll of fog {unknown}
Potions
 b - a potion of magic
 e - a potion of mutation
 h - a potion of haste {unknown}
 j - a potion of brilliance {unknown}
 k - a potion of curing
 n - 3 potions of lignification {unknown}
 q - a potion of ambrosia {unknown}


   Skills:
 - Level 1.7 Dodging
 - Level 1.7 Stealth
 + Level 3.7 Spellcasting
 + Level 5.2 Conjurations


You had 8 spell levels left.
You knew the following spells:

 Your Spells              Type           Power      Damage    Failure   Level
a - Magic Dart            Conj           100%       1d8       1%          1
b - Searing Ray           Conj           58%        2d6       1%          2

Your spell library contained the following spells:

 Spells                   Type           Power      Damage    Failure   Level
 Shock                    Conj/Air       64%        1d7       3%          1
 Apportation              Tloc           8%         N/A       10%         1
 Beastly Appendage        Tmut           8%         N/A       10%         1
 Dazzling Flash           Conj/Hex       32%        N/A       11%         3
 Wereblood                Tmut           4%         N/A       16%         2
 Spider Form              Tmut/Pois      4%         N/A       30%         3
 Swiftness                Air            4%         N/A       30%         3
 Fulminant Prism          Conj/Hex       8%         3d7       34%         4
 Iskenderun's Mystic Bla  Conj/Tloc      16%        2d5       34%         4
 Airstrike                Air            2%         2d(1-17)  69%         4
 Alistair's Intoxication  Tmut/Pois      2%         N/A       95%         5


Dungeon Overview and Level Annotations

Branches:
Dungeon (4/15)
 Temple: D:4-7


Innate Abilities, Weirdness & Mutations

You have an increased reservoir of magic. (+10% MP)
You shall have no god before yourself.
Your divine heritage dramatically boosts your attributes as you level up.
You have sharp toenails.
You have hidden genetic potential.


Message History

Unknown command.
The searing ray hits the ice beast but does no damage.
The ice beast is moderately wounded.
The searing ray hits the ice beast.
The ice beast is moderately wounded.
The ice beast hits you. The ice beast freezes you!
The searing ray misses the ice beast.
You finish channelling your searing ray.
The ice beast hits you. The ice beast freezes you!
Casting: Searing Ray (safe; 1% risk of failure)
Confirm with . or Enter, or press ? or * to list all spells.
Aiming: Searing Ray (safe; 1% risk of failure)
Press: ? - help, Shift-Dir - straight line, f/p - ice beast
Aim: an ice beast (moderately wounded, 79% to hit)
The searing ray hits the ice beast.
The ice beast is heavily wounded. (Press . to maintain the ray.)
The ice beast hits you. The ice beast freezes you.
* * * LOW HITPOINT WARNING * * *
The searing ray misses the ice beast.
The ice beast hits you but does no damage.
The searing ray hits the ice beast!
The ice beast is severely wounded.
The ice beast barely misses you.
The searing ray hits the ice beast.
The ice beast is severely wounded.
You finish channelling your searing ray.
The ice beast hits you but does no damage.
Casting: Searing Ray (safe; 1% risk of failure)
Confirm with . or Enter, or press ? or * to list all spells.
Aiming: Searing Ray (safe; 1% risk of failure)
Press: ? - help, Shift-Dir - straight line, f/p - ice beast
Aim: an ice beast (severely wounded, 79% to hit)
The searing ray hits the ice beast but does no damage.
The ice beast is severely wounded. (Press . to maintain the ray.)
The ice beast hits you.
* * * LOW HITPOINT WARNING * * *
The ice beast freezes you!
You die...

#.........
#####.#########
#####.............###.
#.....###)###.........
#.###.....###.###.###.
#.# #.#.......# #
##.####.# #.#.#######
........# #.#.##
###.##..# #...@# #..#
###.Y# #.######..#
#..Y......#
#.######..##
#.#####......
#..............
#.#####...###.# #.#
#..... .


You could see an ice beast.

Vanquished Creatures
  A kobold brigand (D:3)
  An orc priest (D:3)
  4 adders
  A worm (D:2)
  2 dart slugs
  5 orcs (D:3)
  6 ball pythons
  6 endoplasms
  4 giant cockroaches
  6 goblins
  7 hobgoblins
  3 jackals (D:2)
  10 kobolds
  3 quokkas (D:3)
  8 bats
  4 frilled lizards
  4 rats
75 creatures vanquished.

Notes
Turn   | Place    | Note
-------+----------+-------------------------------------------
     0 | D:1      | McKennaii the Demigod Conjurer began the quest for the Orb.
     0 | D:1      | Reached XP level 1. HP: 14/14 MP: 5/5
   566 | D:1      | Reached XP level 2. HP: 6/20 MP: 1/7
   696 | D:1      | Learned a level 2 spell: Searing Ray
   838 | D:1      | Reached skill level 4 in Conjurations
  1523 | D:2      | Reached XP level 3. HP: 26/26 MP: 4/9
  2660 | D:3      | Reached XP level 4. HP: 31/33 MP: 6/11
  3103 | D:3      | Gained mutation: You have hidden genetic potential. [potion
                  | of mutation]
  3428 | D:3      | Noticed a kobold brigand
  3602 | D:3      | Noticed a +0 short sword
  3602 | D:3      | Noticed a +0 falchion
  3603 | D:3      | Noticed a +0 dagger
  3604 | D:3      | Noticed a +0 short sword
  3604 | D:3      | Noticed a +0 spear
  3613 | D:3      | Noticed a +0 dagger
  3616 | D:3      | Noticed a +0 spear
  3616 | D:3      | Noticed a +0 falchion
  3764 | D:3      | Killed a kobold brigand
  3765 | D:3      | Reached skill level 5 in Conjurations
  3765 | D:3      | Reached XP level 5. HP: 15/38 MP: 2/13
  3775 | D:3      | Gained mutation: You have sharp toenails. [hidden
                  | potential]
  4174 | D:4      | Noticed an ice beast
  4203 | D:4      | Slain by an ice beast

Illustrated notes

Levels and vault maps discovered:
D:1:      minmay_arrival_four_circles, layout_basic
D:2:      minmay_inner_zag, layout_basic, nicolae_ecumenical_snake_handling,
          minmay_misc_feat_plants
D:3:      cheibrodos_thug_alley, layout_basic, nicolae_uskayaw_en_pointe
D:4:      layout_loops_ring, jmf_multi_god_temple, kennysheep_little_box

Skill      XL: |  1  2  3  4 |
---------------+-------------+-----
Spellcasting   | 2 3 |  3.7
Conjurations   | 4 5 |  5.2
Dodging        | |  1.7
Stealth        | |  1.7

Action                     |  1- 3 |  4- 6 || total
---------------------------+-------+-------++-------
  Melee: Unarmed           |    56 |       ||    56
   Cast: Magic Dart        |    96 |    51 ||   147
         Searing Ray       |     3 |    13 ||    16
    Use: Scroll            |       |     2 ||     2
         Potion            |       |     2 ||     2
 Armour: Robe              |    14 |     6 ||    20
  Dodge: Dodged            |    53 |    13 ||    66
